[Event "Early-Titled-Tuesday-Blitz-February-27-2024"]
[Site "Chess.com"]
[Date "2024.02.27"]
[Round "6"]
[White "Fighter008"]
[Black "FontVella8"]
[Result "0-1"]
[WhiteElo "2532"]
[BlackElo "2711"]
[TimeControl "180+1"]
[EndTime "9:02:21 PST"]
[Termination "FontVella8 won by resignation"]

1. e4 c6 2. Nc3 d5 3. Nf3 dxe4 4. Nxe4 Nf6 5. Qe2 Nxe4 6. Qxe4 Qa5 7. Bc4 Bf5 8. Qe2 Nd7 9. Bb3 e6 10. O-O Be7 11. h3 O-O 12. d4 Qc7 13. c3 Rad8 14. a4 Rfe8 15. Re1 h6 16. a5 a6 17. Bc2 Bxc2 18.
Qxc2 c5 19. Be3 Nf6 20. c4 cxd4 21. Bxd4 Bb4 22. Bxf6 gxf6 23. Re2 Rc8 24. b3 Bxa5 25. Qe4 f5 26. Qh4 Bc3 27. Rd1 Bg7 28. Rde1 b5 29.
cxb5 axb5 30. Ne5 Qc3 31. Re3 Qb2 32. Rg3 Rc1 33. Qf6 Rxe1+ 34. Kh2 Qxe5 0-1

[Event "Early-Titled-Tuesday-Blitz-February-27-2024"]
[Site "Chess.com"]
[Date "2024.02.27"]
[Round "6"]
[White "GrotBchess"]
[Black "Viacheslav92"]
[Result "1/2-1/2"]
[WhiteElo "2388"]
[BlackElo "2545"]
[TimeControl "180+1"]
[EndTime "9:02:22 PST"]
[Termination "Game drawn by repetition"]

1. e4 e5 2. Nf3 Nc6 3. Bb5 a6 4. Ba4 Nf6 5. O-O b5 6. Bb3 Bc5 7. c3 d6 8. Re1 O-O 9. d4 Bb6 10.
a4 Rb8 11. a5 Ba7 12. dxe5 Nxe5 13. Nxe5 dxe5 14. Nd2 Ng4 15. Rf1 Qh4 16. Nf3 Nxf2 17. Qd4 Nh3+ 18. Kh1 Nf2+ 19. Kg1 Bxd4 20. Nxh4 Nh3+ 21.
Kh1 Nf2+ 22. Kg1 Nh3+ 23. Kh1 Nf2+ 24. Kg1 1/2-1/2

[Event "Early-Titled-Tuesday-Blitz-February-27-2024"]
[Site "Chess.com"]
[Date "2024.02.27"]
[Round "6"]
[White "arnash_bauyrzhan"]
[Black "Chess4always"]
[Result "1-0"]
[WhiteElo "2300"]
[BlackElo "1970"]
[TimeControl "180+1"]
[EndTime "9:02:22 PST"]
[Termination "arnash_bauyrzhan won by resignation"]

1. e4 c6 2. d4 d5 3. Nd2 dxe4 4. Nxe4 Nf6 5. Nxf6+ gxf6 6. c3 Bf5 7. Nf3 Nd7 8. g3 Be4 9. Bg2 e6 10. O-O Nb6 11.
Re1 f5 12. a4 a5 13. Ne5 Bxg2 14. Kxg2 Bd6 15. Qh5 Bxe5 16. Rxe5 Nc4 17. Rxe6+ Kd7 18. Qxf7+ Kc8 19. Re7 Rf8 20. Qe6+ Kb8 21. Bf4+ Ka7 22.
Rd7 Qe8 23. Qxc6 1-0

[Event "Early-Titled-Tuesday-Blitz-February-27-2024"]
[Site "Chess.com"]
[Date "2024.02.27"]
[Round "6"]
[White "WilsonPalencia21"]
[Black "francyIM"]
[Result "0-1"]
[WhiteElo "2559"]
[BlackElo "2783"]
[TimeControl "180+1"]
[EndTime "9:02:26 PST"]
[Termination "francyIM won by resignation"]

1. d4 Nf6 2. c4 g6 3. Nf3 Bg7 4. Nc3 O-O 5. e4 d6 6. Be2 e5 7. O-O h6 8. d5 a5 9. Qc2 Nh7 10. Ne1 f5 11. f3 f4 12. Nd3 Na6 13. Bd2 Rf7 14. Be1 g5 15. a3 Bf8 16. b4 axb4 17. axb4 Nxb4 18. Qb1 Rxa1 19. Qxa1 Na6 20. Nb5 Nf6 21.
g4 fxg3 22. hxg3 g4 23. fxg4 c6 24. Na7 Nxe4 25. Rxf7 Kxf7 26. Nxc8 Qxc8 27. Qb1 cxd5 28. cxd5 Nac5 29. Nxc5 Qxc5+ 30. Kg2 Nf6 31. Qxb7+ Be7 32. Bf2 Qc2 33. Qb5 Qd2 34. Qd3 Qxd3 35. Bxd3 e4 36.
Bc4 Nxg4 37. Bd4 Bf6 38. Be2 h5 39. Bxg4 hxg4 40. Bb6 Kg6 41. Kf2 Kf5 42. Ke3 Be5 43. Kf2 Bb2 44. Ke3 Ke5 45. Ba5 Bc1+ 46. Ke2 Kxd5 0-1

[Event "Early-Titled-Tuesday-Blitz-February-27-2024"]
[Site "Chess.com"]
[Date "2024.02.27"]
[Round "6"]
[White "Makswolf200817"]
[Black "aistrel"]
[Result "1-0"]
[WhiteElo "2730"]
[BlackElo "2542"]
[TimeControl "180+1"]
[EndTime "9:02:28 PST"]
[Termination "Makswolf200817 won by resignation"]

1. d4 d5 2. c4 e6 3. Nf3 c6 4. g3 dxc4 5. Bg2 Nd7 6. O-O b5 7. e4 Bb7 8. Nc3 Ngf6 9. e5 Nd5 10. Bg5 Qc7 11. Ne4 h6 12. Bd2 c5 13.
a4 b4 14. dxc5 Nxc5 15. Nd6+ Bxd6 16. exd6 Qxd6 17. Bxb4 Rd8 18. Ba3 Qc7 19. Qd4 Nb3 20.
Qxg7 Nxa1 21. Ne5 1-0

[Event "Early-Titled-Tuesday-Blitz-February-27-2024"]
[Site "Chess.com"]
[Date "2024.02.27"]
[Round "6"]
[White "DuleMudule"]
[Black "janhelmer03"]
[Result "1-0"]
[WhiteElo "2856"]
[BlackElo "2374"]
[TimeControl "180+1"]
[EndTime "9:02:29 PST"]
[Termination "DuleMudule won by resignation"]

1. d4 d5 2. Bf4 c5 3. e3 Nc6 4. Nc3 cxd4 5. exd4 Nf6 6. Nb5 e5 7. dxe5 Ne4 8. Qxd5 Qxd5 9. Nc7+ Kd8 10. Nxd5 Be6 11.
Rd1 Kc8 12. f3 Nc5 13. a3 Nd7 14. Ne2 Ndxe5 15. Be3 Nc4 16. Bc1 Bc5 17. b4 Bf8 18.
Nef4 Bxd5 19. Nxd5 N4e5 20. f4 Ng6 21. g3 Bd6 22.
Bh3+ Kb8 23. O-O Nge7 24. Nf6 Kc7 25. Ne4 Rad8 26. c4 Nc8 27. Bxc8 1-0

[Event "Early-Titled-Tuesday-Blitz-February-27-2024"]
[Site "Chess.com"]
[Date "2024.02.27"]
[Round "6"]
[White "DonMicheleCorleone"]
[Black "Supergiuly"]
[Result "1-0"]
[WhiteElo "2523"]
[BlackElo "2327"]
[TimeControl "180+1"]
[EndTime "9:02:36 PST"]
[Termination "DonMicheleCorleone won by resignation"]

1. e4 g6 2. Nc3 Bg7 3. f4 c5 4.
Nf3 Nc6 5. Bc4 e6 6. O-O Nge7 7.
d3 d5 8. Bb3 O-O 9. Qe1 a6 10.
f5 d4 11. fxe6 dxc3 12. exf7+ Kh8 13. bxc3 Na5 14. Ng5 h6 15. Ne6 Bxe6 16. Bxe6 Qd6 17. Bg4 Nac6 18. Qh4 Ne5 19. Bxh6 Rxf7 20. Rxf7 Nxf7 21.
Bf4+ 1-0

[Event "Early-Titled-Tuesday-Blitz-February-27-2024"]
[Site "Chess.com"]
[Date "2024.02.27"]
[Round "6"]
[White "Caroexpert"]
[Black "KacperKacprzak"]
[Result "0-1"]
[WhiteElo "2525"]
[BlackElo "2705"]
[TimeControl "180+1"]
[EndTime "9:02:38 PST"]
[Termination "KacperKacprzak won by resignation"]

1. Nf3 c5 2. c4 Nc6 3. Nc3 g6 4. g3 Bg7 5. Bg2 e6 6. O-O Nge7 7. e3 O-O 8. d3 d5 9. cxd5 exd5 10. Bd2 b6 11.
Rc1 Ba6 12. Ne1 Rc8 13. Qa4 Bb7 14. e4 dxe4 15. Nxe4 Nf5 16. Bc3 Nfd4 17. Kh1 f5 18. Nd2 Qd7 19. Nef3 Rcd8 20. Rfe1 Kh8 21. Bxd4 Nxd4 22.
Qxa7 Bxf3 23. Qxd7 Bxg2+ 24. Kxg2 Rxd7 25. Nc4 b5 26.
Nb6 Rd6 0-1

[Event "Early-Titled-Tuesday-Blitz-February-27-2024"]
[Site "Chess.com"]
[Date "2024.02.27"]
[Round "6"]
[White "giomar27"]
[Black "Klavdia_Nik"]
[Result "1-0"]
[WhiteElo "2415"]
[BlackElo "2125"]
[TimeControl "180+1"]
[EndTime "9:02:39 PST"]
[Termination "giomar27 won on time"]

1. f3 e5 2. g3 Nf6 3. Nh3 Be7 4. Nf2 O-O 5. Bg2 d5 6. O-O c5 7. d3 Nc6 8. Nc3 Be6 9. e4 a6 10. a4 Qd7 11. Bg5 Nd4 12. f4 h6 13. Bxf6 Bxf6 14.
exd5 Bf5 15. g4 Bh7 16. Nfe4 Bxe4 17. dxe4 exf4 18. Rxf4 Be5 19. Rf1 b5 20. axb5 axb5 21. Rxa8 Rxa8 22. h3 f6 23. Nb1 b4 24. c3 Nb5 25.
cxb4 cxb4 26. Qb3 Qa7+ 27. Kh1 Qc5 28. Nd2 Rc8 29. Nf3 Bd6 30. Re1 Nd4 31. Qe3 Nxf3 32.
Qxf3 Qd4 33. Qf5 Rc2 34. e5 Bxe5 35. Qxc2 1-0

[Event "Early-Titled-Tuesday-Blitz-February-27-2024"]
[Site "Chess.com"]
[Date "2024.02.27"]
[Round "6"]
[White "tetrix83"]
[Black "Andrey_Klymchuk"]
[Result "1-0"]
[WhiteElo "2551"]
[BlackElo "2705"]
[TimeControl "180+1"]
[EndTime "9:02:40 PST"]
[Termination "tetrix83 won by checkmate"]

1. e4 c5 2. Nf3 Nc6 3. Bb5 Nf6 4. Qe2 Qc7 5. O-O Ng4 6. c3 a6 7. Bc4 Nge5 8. Nxe5 Nxe5 9. Bb3 c4 10. Bc2 b5 11. a4 Bb7 12. axb5 axb5 13. Rxa8+ Bxa8 14.
Na3 Qc5 15. d4 cxd3 16. Bxd3 Nxd3 17. Qxd3 Bc6 18. Be3 Qe5 19. f3 e6 20. Bd4 Bc5 21.
Qe3 Bxd4 22. cxd4 Qb8 23. d5 Ba8 24. Qc5 f6 25. Nxb5 Kf7 26. Nd6+ Kg6 27. h4 Qxb2 28.
dxe6 dxe6 29. h5+ Kh6 30. Nf7# 1-0

[Event "Early-Titled-Tuesday-Blitz-February-27-2024"]
[Site "Chess.com"]
[Date "2024.02.27"]
[Round "6"]
[White "ReadySkate"]
[Black "regenda"]
[Result "1-0"]
[WhiteElo "2538"]
[BlackElo "2248"]
[TimeControl "180+1"]
[EndTime "9:02:41 PST"]
[Termination "ReadySkate won by resignation"]

1. d4 Nf6 2. c4 c5 3. d5 e6 4.
Nc3 exd5 5. cxd5 Bd6 6. Nf3 O-O 7. Bg5 Re8 8. e3 a6 9. Bd3 Bc7 10. d6 Bxd6 11. Bxh7+ Kxh7 12. Qxd6 Qe7 13. Qxe7 Rxe7 14. Bxf6 gxf6 15. Nd5 Re6 16. Nc7 Ra7 17. Nxe6 fxe6 18. O-O-O Nc6 19. Rd6 Kg7 20. h4 a5 21.
h5 a4 22. h6+ Kh7 23. Rh4 b5 24. Rd1 d5 25. e4 d4 26. e5 Nxe5 27. Nxe5 fxe5 28.
Re1 a3 29. b3 c4 30. bxc4 Rc7 31. Rxe5 Rxc4+ 32. Kd2 Rb4 33. Rc5 Rb2+ 34. Kd3 Ba6 35. Rc7+ Kh8 36. Ra7 Rxf2 37. Rxa6 Rxg2 38. h7 Rg3+ 39.
Kxd4 e5+ 40. Ke4 1-0

[Event "Early-Titled-Tuesday-Blitz-February-27-2024"]
[Site "Chess.com"]
[Date "2024.02.27"]
[Round "6"]
[White "JJDAREK"]
[Black "Susal_De_Silva"]
[Result "0-1"]
[WhiteElo "2419"]
[BlackElo "2622"]
[TimeControl "180+1"]
[EndTime "9:02:42 PST"]
[Termination "Susal_De_Silva won by checkmate"]

1. d4 Nf6 2. Nf3 e6 3. c4 b6 4. Nc3 Bb7 5. g3 g6 6. Bg2 Bg7 7. O-O Ne4 8. Nxe4 Bxe4 9. b3 O-O 10.
Bb2 d6 11. Qd2 Nd7 12. Rad1 Qe7 13. d5 Bxb2 14. Qxb2 Bxf3 15. Bxf3 e5 16. e4 f5 17. exf5 gxf5 18. Bg2 f4 19. Bh3 Kh8 20. b4 Nf6 21. Be6 Ne4 22. c5 bxc5 23. bxc5 Nxc5 24. gxf4 Nxe6 25.
dxe6 Rxf4 26. Kh1 Raf8 27. Qb7 Rh4 28. Rg1 Rxh2+ 29. Kxh2 Qh4+ 30. Kg2 Rxf2# 0-1

[Event "Early-Titled-Tuesday-Blitz-February-27-2024"]
[Site "Chess.com"]
[Date "2024.02.27"]
[Round "6"]
[White "Hovik_Hayrapetyan"]
[Black "wannabe2700"]
[Result "0-1"]
[WhiteElo "2878"]
[BlackElo "2745"]
[TimeControl "180+1"]
[EndTime "9:02:43 PST"]
[Termination "wannabe2700 won by resignation"]

1. d4 f5 2. Bg5 h6 3. Bh4 g5 4. e3 Bg7 5. Bg3 c5 6. Nf3 Qb6 7. Nbd2 cxd4 8. Bxb8 dxe3 9. Nc4 exf2+ 10. Ke2 Qc5 11.
Nd6+ Kf8 12. Nxc8 Rxb8 13. c3 Rxc8 14. Qxd7 Nf6 15. Qxb7 Nd5 16. Nd2 Qe3+ 17. Kd1 Nxc3+ 18. bxc3 Qe1+ 19. Kc2 Rxc3+ 20. Kb2 Qxd2+ 0-1

[Event "Early-Titled-Tuesday-Blitz-February-27-2024"]
[Site "Chess.com"]
[Date "2024.02.27"]
[Round "6"]
[White "NLLO777"]
[Black "1977Ivan"]
[Result "0-1"]
[WhiteElo "2543"]
[BlackElo "2736"]
[TimeControl "180+1"]
[EndTime "9:02:43 PST"]
[Termination "1977Ivan won by checkmate"]

1. d4 e6 2. c4 b6 3. Nf3 Bb7 4.
g3 Bb4+ 5. Bd2 Bxf3 6. exf3 Bxd2+ 7. Qxd2 d5 8. b3 Ne7 9. Nc3 O-O 10. Bg2 dxc4 11. bxc4 Nbc6 12. f4 Nxd4 13. Bxa8 Qxa8 14. O-O-O Rd8 15. Kb2 c5 16. Qe3 Nef5 17. Qe4 Qc8 18. Nb5 a6 19. Nc3 b5 20. cxb5 axb5 21. Rc1 Qa6 22.
g4 Nd6 23. Qd3 Nc4+ 24. Kb1 Qa3 25. Rhd1 Qb2# 0-1

[Event "Early-Titled-Tuesday-Blitz-February-27-2024"]
[Site "Chess.com"]
[Date "2024.02.27"]
[Round "6"]
[White "oneshot007"]
[Black "sotochess"]
[Result "1-0"]
[WhiteElo "2471"]
[BlackElo "2623"]
[TimeControl "180+1"]
[EndTime "9:02:44 PST"]
[Termination "oneshot007 won by resignation"]

1. e4 c5 2. Nf3 e6 3. d4 cxd4 4. Nxd4 Nf6 5. Nc3 Nc6 6. Nxc6 bxc6 7. e5 Nd5 8. Ne4 Qc7 9. f4 Qb6 10. a3 f5 11. exf6 Nxf6 12. Nxf6+ gxf6 13. Qh5+ Ke7 14. Bd3 Ba6 15. Bxa6 Qxa6 16. Bd2 Qc4 17. O-O-O Rb8 18. Bb4+ Rxb4 19. axb4 Qxf4+ 20. Kb1 Qxb4 21. Rhe1 d5 22. Re3 Kd7 23. Rb3 Qd6 24. Qf7+ Be7 25. Rb7+ Kd8 26.
Rxa7 Rf8 27. Ra8+ Kd7 28. Rxf8 1-0

[Event "Early-Titled-Tuesday-Blitz-February-27-2024"]
[Site "Chess.com"]
[Date "2024.02.27"]
[Round "6"]
[White "AryanTari"]
[Black "Onischuk_V"]
[Result "0-1"]
[WhiteElo "2927"]
[BlackElo "2801"]
[TimeControl "180+1"]
[EndTime "9:02:46 PST"]
[Termination "Onischuk_V won by resignation"]

1. c4 g6 2. g3 Bg7 3. Bg2 Nf6 4. Nc3 O-O 5. d4 d6 6. Nf3 Nc6 7. O-O e5 8. d5 Nb8 9. e4 a5 10. Ne1 Na6 11. Nd3 Nd7 12. Be3 f5 13. exf5 gxf5 14.
f4 Nb6 15. Bxb6 cxb6 16. fxe5 dxe5 17. Qd2 e4 18. Nf4 Nc5 19. Rad1 Bd7 20. d6 Kh8 21. Ncd5 Be5 22. Nc7 Rc8 23. Nfe6 Bxe6 24. Nxe6 Nxe6 25.
Qd5 Qf6 26. d7 Rcd8 27. Bxe4 f4 28. Kh1 Nc5 29. gxf4 Bxf4 30. Bg2 Rxd7 31. Qh5 Rxd1 32. Rxd1 Qxb2 33. Rf1 Qf6 0-1

[Event "Early-Titled-Tuesday-Blitz-February-27-2024"]
[Site "Chess.com"]
[Date "2024.02.27"]
[Round "6"]
[White "Kotofeyca"]
[Black "Zavgorodniy_Sergiy"]
[Result "0-1"]
[WhiteElo "2428"]
[BlackElo "2627"]
[TimeControl "180+1"]
[EndTime "9:02:50 PST"]
[Termination "Zavgorodniy_Sergiy won on time"]

1. d4 d5 2. c4 dxc4 3. Nf3 Nf6 4.
e3 e6 5. Bxc4 a6 6. O-O b5 7.
Bb3 Bb7 8. Qe2 Nbd7 9. Rd1 c5 10. Nc3 Qc7 11. d5 exd5 12. Nxd5 Nxd5 13. Bxd5 Bxd5 14.
Rxd5 Be7 15. e4 O-O 16. Bg5 Nb6 17. Bxe7 Qxe7 18. Re5 Qc7 19. Rc1 c4 20. Qe3 Rfe8 21. Rxe8+ Rxe8 22. Nd4 g6 23. Ne2 Nd5 24. Qd4 Nb4 25.
a3 Nd3 26. Rc2 Rd8 27. Qe3 Nxb2 28. Nc3 Nd1 29. Qe1 Nxc3 30. Rxc3 Qa5 31. h4 Rd3 32. Qc1 Qxc3 33. Qg5 Rd1+ 34. Kh2 h5 35. e5 Qd4 36. e6 Qd6+ 0-1

[Event "Early-Titled-Tuesday-Blitz-February-27-2024"]
[Site "Chess.com"]
[Date "2024.02.27"]
[Round "6"]
[White "abeljusto"]
[Black "destroyer305"]
[Result "0-1"]
[WhiteElo "2100"]
[BlackElo "2395"]
[TimeControl "180+1"]
[EndTime "9:02:50 PST"]
[Termination "destroyer305 won by resignation"]

1. d4 g6 2. Bf4 Bg7 3. Nc3 c5 4. e3 Nf6 5. Nf3 O-O 6. Qd2 a6 7. a4 Nc6 8. Be2 h6 9. h3 b6 10. O-O Bb7 11. Rfd1 cxd4 12. exd4 Rc8 13. Ne5 Nb4 14.
Rac1 d6 15. Nd3 Nxd3 16. Bxd3 Kh7 17. Ne2 Nd5 18. Be4 Qd7 19. Bg3 b5 20. axb5 axb5 21.
c3 Nb6 22. Bxb7 Qxb7 23. Nf4 Nc4 24. Nd3 Nxd2 25. Rxd2 Rfe8 0-1

[Event "Early-Titled-Tuesday-Blitz-February-27-2024"]
[Site "Chess.com"]
[Date "2024.02.27"]
[Round "6"]
[White "GelmanAlexander"]
[Black "wild3000"]
[Result "1-0"]
[WhiteElo "2719"]
[BlackElo "2441"]
[TimeControl "180+1"]
[EndTime "9:02:51 PST"]
[Termination "GelmanAlexander won by resignation"]

1. d4 g6 2. Nc3 Bg7 3. e4 d6 4. f4 a6 5. Nf3 b5 6. Bd3 Bb7 7. a4 b4 8. Ne2 Nf6 9. e5 Ng4 10. O-O e6 11. h3 Nh6 12. g4 Nd7 13.
Ng3 c5 14. c3 Qc7 15. Be3 c4 16. Bc2 b3 17. Bb1 Bxf3 18. Qxf3 d5 19. f5 gxf5 20. gxf5 O-O-O 21. f6 Bf8 22. Qh5 Nxf6 23. Rxf6 Rg8 24. Kh2 Bg7 25. Rf3 Nf5 26. Nxf5 exf5 27. Bxf5+ Kb7 28.
Bxh7 Rgf8 29. Raf1 Rd7 30. Bf5 Bxe5+ 31. dxe5 Qxe5+ 32. Bf4 Qe2+ 33. R1f2 Qe1 34. Bxd7 Rg8 35. Qxd5+ 1-0

[Event "Early-Titled-Tuesday-Blitz-February-27-2024"]
[Site "Chess.com"]
[Date "2024.02.27"]
[Round "6"]
[White "Kristof_08"]
[Black "chessamical"]
[Result "1-0"]
[WhiteElo "2427"]
[BlackElo "2120"]
[TimeControl "180+1"]
[EndTime "9:02:52 PST"]
[Termination "Kristof_08 won on time"]

1. Nf3 d5 2. g3 Nc6 3. d4 Bf5 4.
Bg2 Nb4 5. Na3 e6 6. O-O Nc6 7. c4 Bxa3 8. bxa3 Be4 9. Bb2 Nf6 10. Ne5 Bxg2 11. Kxg2 Nxe5 12. dxe5 Ne4 13. cxd5 Qxd5 14. Qxd5 exd5 15. Rac1 c6 16. Rfd1 O-O 17. h4 b6 18.
Rxc6 Rfd8 19. f3 Nc5 20. Rd6 Na4 21. Ba1 d4 22. R1xd4 Re8 23. Rxa4 1-0

[Event "Early-Titled-Tuesday-Blitz-February-27-2024"]
[Site "Chess.com"]
[Date "2024.02.27"]
[Round "6"]
[White "GilbertoHernandezAmura"]
[Black "Kimkibo"]
[Result "0-1"]
[WhiteElo "2427"]
[BlackElo "2185"]
[TimeControl "180+1"]
[EndTime "9:02:53 PST"]
[Termination "Kimkibo won by resignation"]

1. d4 d5 2. Bg5 c6 3. Nf3 Nd7 4. e3 Ngf6 5. Nbd2 Ne4 6. Nxe4 dxe4 7. Nd2 f5 8. Bc4 Nb6 9. Bb3 Qd6 10. c4 Qg6 11. h4 e6 12. f4 h6 13. h5 hxg5 14. hxg6 Rxh1+ 15. Kf2 Rxd1 16. Rxd1 gxf4 17. exf4 Bd7 18.
Nf1 c5 19. d5 exd5 20. cxd5 Bd6 21. g3 O-O-O 22. Ne3 Rh8 23. Rc1 Rh2+ 24. Kg1 Rxb2 25. Nc2 c4 26. Ne3 Bc5 0-1

[Event "Early-Titled-Tuesday-Blitz-February-27-2024"]
[Site "Chess.com"]
[Date "2024.02.27"]
[Round "6"]
[White "aRk_iN"]
[Black "BallottiLuca"]
[Result "1-0"]
[WhiteElo "2255"]
[BlackElo "2408"]
[TimeControl "180+1"]
[EndTime "9:02:55 PST"]
[Termination "aRk_iN won by resignation"]

1. d4 Nf6 2. Bg5 Ne4 3. h4 c5 4.
d5 Qb6 5. Nd2 Nxg5 6. hxg5 Qxb2 7. g6 fxg6 8. e3 Na6 9. Rb1 Qf6 10. Ne2 e5 11. Ne4 Qd8 12. d6 Qa5+ 13. N2c3 b6 14.
Qd5 Rb8 15. Bc4 Bb7 16. Qf7+ Kd8 17. Rxh7 Bxe4 18. Rxh8 Qxc3+ 19. Kf1 Qxc4+ 20. Qxc4 1-0

[Event "Early-Titled-Tuesday-Blitz-February-27-2024"]
[Site "Chess.com"]
[Date "2024.02.27"]
[Round "6"]
[White "kai_nov"]
[Black "Cheer_Down"]
[Result "0-1"]
[WhiteElo "2330"]
[BlackElo "2480"]
[TimeControl "180+1"]
[EndTime "9:02:58 PST"]
[Termination "Cheer_Down won by resignation"]

1. e4 e5 2. Nf3 Nc6 3. Nc3 Nf6 4. d3 Bc5 5. Bg5 h6 6. Bxf6 Qxf6 7. Nd5 Qd8 8. c3 d6 9. Be2 O-O 10. O-O a6 11. d4 exd4 12. cxd4 Ba7 13. Ne3 Re8 14.
Qd3 Nb4 15. Qb3 c5 16. dxc5 dxc5 17. a3 Nc6 18. Rfd1 Nd4 19. Nxd4 cxd4 20. Nd5 Be6 21. Bf3 Bxd5 22. exd5 Qd7 23. Rac1 Rac8 24. h3 b5 25.
Qd3 Qd6 26. Rxc8 Rxc8 27. Qf5 Rc7 28. Re1 g6 29. Qe4 Kg7 30. Qe5+ Qxe5 31. Rxe5 Rc1+ 32.
Kh2 Bb8 0-1

[Event "Early-Titled-Tuesday-Blitz-February-27-2024"]
[Site "Chess.com"]
[Date "2024.02.27"]
[Round "6"]
[White "ketster"]
[Black "LileKoridze"]
[Result "1/2-1/2"]
[WhiteElo "2592"]
[BlackElo "2424"]
[TimeControl "180+1"]
[EndTime "9:03:02 PST"]
[Termination "Game drawn by agreement"]

1. g3 d5 2. Bg2 Nf6 3. d3 c5 4.
Nf3 Nc6 5. Nbd2 e6 6. e4 dxe4 7.
dxe4 Be7 8. O-O O-O 9. c3 Qc7 10. Qe2 b6 11. Rd1 Bb7 12. Nf1 Rfd8 13. Bf4 e5 14. Bg5 h6 15. Bxf6 Bxf6 16. Ne3 Ne7 17. Nd2 Rd7 18. Bh3 Rdd8 19. a4 Nc8 20. Nf5 Nd6 21. Nxd6 Rxd6 22. Nc4 Rxd1+ 23. Rxd1 Rd8 24. f3 Ba6 25. Bf1 Bxc4 26. Rxd8+ Qxd8 27. Qxc4 Qd2 28. Qe2 Bg5 29. h4 Qxe2 30. Bxe2 Bc1 31. b3 Bd2 32. c4 Kf8 33. Kf2 f6 34. Bf1 Ke7 35. Ke2 Bb4 36. Bh3 1/2-1/2

[Event "Early-Titled-Tuesday-Blitz-February-27-2024"]
[Site "Chess.com"]
[Date "2024.02.27"]
[Round "6"]
[White "GMAkobianSTL"]
[Black "Oleksandr_Bortnyk"]
[Result "0-1"]
[WhiteElo "2828"]
[BlackElo "3070"]
[TimeControl "180+1"]
[EndTime "9:03:04 PST"]
[Termination "Oleksandr_Bortnyk won by checkmate"]

1. d4 Nf6 2. c4 b6 3. Nf3 Bb7 4. g3 g6 5. Bg2 Bg7 6. O-O O-O 7.
Nc3 Ne4 8. Nxe4 Bxe4 9. Bf4 d6 10. Qd2 Re8 11. Bh6 Bh8 12. Rad1 c5 13. d5 Nd7 14. b3 b5 15. Bh3 Bxf3 16. exf3 bxc4 17. bxc4 Rb8 18.
f4 Rb2 19. Qd3 Rxa2 20. f5 Bd4 21. Rd2 Ne5 22. Qe2 Rxd2 23. Bxd2 Qb6 24. fxg6 hxg6 25. Bf4 a5 26. Bxe5 dxe5 27. Bd7 Ra8 28. Ba4 Kg7 29. Kg2 Qb4 30. Qc2 Rb8 31. Bb5 Qc3 32. Qd1 e4 33.
Re1 f5 34. Re2 Qf3+ 35. Kf1 Qh1# 0-1

[Event "Early-Titled-Tuesday-Blitz-February-27-2024"]
[Site "Chess.com"]
[Date "2024.02.27"]
[Round "6"]
[White "Gabrielian_Artur"]
[Black "Msb2"]
[Result "0-1"]
[WhiteElo "2795"]
[BlackElo "3030"]
[TimeControl "180+1"]
[EndTime "9:03:04 PST"]
[Termination "Msb2 won by resignation"]

1. e4 e6 2. d4 d5 3. e5 c5 4. c3 Nc6 5. Nf3 Nge7 6. Be2 Nf5 7. g4 Nh4 8. Nxh4 Qxh4 9. Be3 cxd4 10. cxd4 f6 11.
exf6 Qxf6 12. Nc3 Bd6 13. Qd2 O-O 14. g5 Qf7 15. h4 e5 16. dxe5 Bxe5 17. Nxd5 Be6 18.
Rd1 Rad8 19. Bc4 Kh8 20. f4 Bxf4 21. Bxf4 Bxd5 22. Bxd5 Rxd5 23. Qxd5 Qxf4 24. Rd2 Nb4 25. Qg2 Re8+ 26. Kd1 Qf5 27. Kc1 Nxa2+ 0-1

[Event "Early-Titled-Tuesday-Blitz-February-27-2024"]
[Site "Chess.com"]
[Date "2024.02.27"]
[Round "6"]
[White "GM_Levan_Pantsulaia"]
[Black "Aygehovit1992"]
[Result "0-1"]
[WhiteElo "2926"]
[BlackElo "2689"]
[TimeControl "180+1"]
[EndTime "9:03:04 PST"]
[Termination "Aygehovit1992 won by resignation"]

1. Nf3 Nf6 2. g3 b5 3. Bg2 Bb7 4. O-O e6 5. b3 c5 6. c4 a6 7. Nc3 b4 8. Na4 Nc6 9. d4 cxd4 10. Nxd4 Rc8 11. Be3 Qa5 12. Qd2 Qh5 13. h3 Be7 14. Rad1 O-O 15. Nb6 Rcd8 16. Qb2 Nxd4 17.
Bxd4 Bxg2 18. Kxg2 d5 19. cxd5 Nxd5 20. Nc4 Qg6 21.
Ne5 Qe4+ 22. f3 Ne3+ 23. Bxe3 Qxe3 24. Nc6 Bf6 25. Qc2 Rc8 26. Rd3 Rxc6 0-1

[Event "Early-Titled-Tuesday-Blitz-February-27-2024"]
[Site "Chess.com"]
[Date "2024.02.27"]
[Round "6"]
[White "IMRosen"]
[Black "AlainBruxelles"]
[Result "1-0"]
[WhiteElo "2695"]
[BlackElo "2439"]
[TimeControl "180+1"]
[EndTime "9:03:04 PST"]
[Termination "IMRosen won by resignation"]

1. d4 d5 2. Bf4 e6 3. e3 Bd6 4.
Bxd6 cxd6 5. Qg4 Kf8 6. Nc3 Qb6 7. O-O-O Nf6 8. Qh4 a6 9. f3 Qa5 10. Qg3 Qc7 11.
e4 dxe4 12. fxe4 b5 13. Bd3 Nc6 14. Nf3 b4 15. Ne2 e5 16. Rhf1 Bd7 17. Kb1 a5 18. Nh4 a4 19. Nf5 Bxf5 20. Rxf5 b3 21. cxb3 axb3 22.
a3 Nb4 23. axb4 Ke7 24. Nc3 Qa7 25. Kc1 exd4 26. Rxf6 dxc3 27. Qxd6+ 1-0

[Event "Early-Titled-Tuesday-Blitz-February-27-2024"]
[Site "Chess.com"]
[Date "2024.02.27"]
[Round "6"]
[White "annamaja"]
[Black "HATilay"]
[Result "0-1"]
[WhiteElo "2421"]
[BlackElo "2628"]
[TimeControl "180+1"]
[EndTime "9:03:07 PST"]
[Termination "HATilay won by resignation"]

1. e4 c5 2. Nf3 d6 3. d4 cxd4 4. Nxd4 Nf6 5. Nc3 a6 6. Be3 e5 7.
Nb3 Be6 8. Qd2 Nbd7 9. O-O-O Be7 10. Kb1 Rc8 11. f4 b5 12. f5 Bc4 13. a3 O-O 14. g4 Nxg4 15. Rg1 Nxe3 16. Qxe3 Kh8 17. Qg3 Rg8 18. Nd2 Bxf1 19. Nxf1 Rc4 20. Ne3 Rxc3 21. bxc3 Nf6 22. Qf3 Qa5 23. Kb2 d5 24. Nxd5 Qxa3+ 25. Kb1 Nxd5 26. Rxd5 b4 27. Qe3 bxc3 28. Qb6 Bb4 0-1

[Event "Early-Titled-Tuesday-Blitz-February-27-2024"]
[Site "Chess.com"]
[Date "2024.02.27"]
[Round "6"]
[White "dealshark"]
[Black "GatoRojo150"]
[Result "0-1"]
[WhiteElo "2392"]
[BlackElo "2573"]
[TimeControl "180+1"]
[EndTime "9:03:07 PST"]
[Termination "GatoRojo150 won by checkmate"]

1. Nf3 d5 2. e3 c5 3. b3 Nc6 4. Bb2 Nf6 5. Bb5 Bd7 6. Bxc6 Bxc6 7. Ne5 Rc8 8. O-O e6 9. f4 Be7 10. Nc3 O-O 11. Ne2 Be8 12. Qe1 Nd7 13. Qg3 f6 14.
Nf3 Bg6 15. d3 c4 16. bxc4 dxc4 17. Nfd4 Qb6 18. Rab1 cxd3 19. cxd3 Bxd3 20. f5 Bxb1 21.
Nxe6 Rf7 22. Rxb1 Rc2 23. Rd1 Rxe2 24. Rxd7 Qxb2 25. Qb8+ Bf8 26. h3 Rxg2+ 27. Kh1 Re2 28. Rxf7 Re1# 0-1

[Event "Early-Titled-Tuesday-Blitz-February-27-2024"]
[Site "Chess.com"]
[Date "2024.02.27"]
[Round "6"]
[White "kidagent"]
[Black "GlavkonVVS"]
[Result "1-0"]
[WhiteElo "2346"]
[BlackElo "2538"]
[TimeControl "180+1"]
[EndTime "9:03:08 PST"]
[Termination "kidagent won on time"]

1. c4 c5 2. g3 Nc6 3. Nc3 Nf6 4. Bg2 g6 5. e4 d6 6. Nge2 Bg7 7. O-O O-O 8. a3 a6 9. Rb1 Bd7 10. b4 cxb4 11.
axb4 Rc8 12. d3 h6 13. h3 e5 14. Be3 Re8 15. b5 axb5 16. Nxb5 Be6 17. Qb3 Qd7 18. Kh2 Ra8 19. Bb6 Rec8 20. Ra1 Ra6 21. Na7 Nxa7 22. Bxa7 Rxa1 23. Rxa1 Ra8 24. Qb6 Bf8 25.
Nc3 h5 26. Nd5 1-0